 Dungeon Crawl Stone Soup version 0.19.0-20-gbc5f0c6 (webtiles) character file.

9005 LORDOFBUTT the Cleaver (level 11, -5/121 (124) HPs)
             Began as a Minotaur Berserker on Nov 16, 2016.
             Was a High Priest of Trog.
             Slain by a wolf (9 damage)
             ... on level 10 of the Dungeon.
             The game lasted 00:12:43 (10181 turns).

LORDOFBUTT the Cleaver (Minotaur Berserker)        Turns: 10181, Time: 00:12:44

HP:   -5/121 (124)  AC:  6    Str: 29    XL:     11   Next: 17%
MP:   10/10         EV: 19    Int:  4    God:    Trog [*****.]
Gold: 307           SH:  0    Dex: 11    Spells: 0 memorised, 10 levels left

rFire  . . .     SeeInvis .     K - +3 battleaxe (elec)
rCold  . . .     Gourm    .     b - +1 animal skin
rNeg   . . .     Faith    .     (shield currently unavailable)
rPois  .         Spirit   .     (helmet restricted)
rElec  .         Reflect  .     q - +2 cloak
rCorr  .         Harm     .     (no gloves)
MR     .....     Rnd*Tele +     (no boots)
Stlth  ..........               (no amulet)
                                (no ring)
                                (no ring)

@: berserking, starving, very quick
A: retaliatory headbutt, horns 2, teleportitis 1
a: Berserk, Trog's Hand, Brothers in Arms, Burn Spellbooks, Renounce Religion


You were on level 10 of the Dungeon.
You worshipped Trog.
Trog was extremely pleased with you.
You were starving.

You visited 1 branch of the dungeon, and saw 11 of its levels.
You also visited: Ossuary.

You collected 705 gold pieces.
You spent 398 gold pieces at shops.

Inventory:

Hand Weapons
 g - a +4 vampiric demon blade
 A - a +0 fustibalus
 K - a +3 battleaxe of electrocution (weapon)
Missiles
 F - 3 tomahawks of returning (quivered)
Armour
 b - a +1 animal skin (worn)
 q - a +2 cloak (worn)
Jewellery
 a - an uncursed amulet of guardian spirit {unknown}
 p - an uncursed ring of teleportation
 r - a -5 ring of evasion
 S - a -3 ring of intelligence
Wands
 c - a wand of heal wounds (6/9)
 J - a wand of iceblast (7/15)
 M - a wand of slowing (12/48)
 U - a wand of polymorph (18/24)
Scrolls
 e - 6 scrolls of remove curse
 m - 2 scrolls of random uselessness {unknown}
 v - 2 scrolls of teleportation
 w - 2 scrolls of amnesia {unknown}
 y - 3 scrolls of fear
 B - a scroll of noise {unknown}
 C - a scroll of enchant weapon {unknown}
 D - 3 scrolls of magic mapping {unknown}
 E - 3 scrolls of enchant armour
 G - a scroll of recharging
 H - a scroll of blinking {unknown}
 N - a scroll of brand weapon {unknown}
 P - a scroll of vulnerability {unknown}
 Q - a scroll of fog
 V - a scroll of identify
Potions
 d - 2 potions of brilliance
 f - 6 potions of curing
 h - 2 potions of lignification
 i - a potion of experience
 j - a potion of magic
 n - a potion of might
 o - 4 potions of agility
 s - 3 potions of mutation
 t - 2 potions of ambrosia
 x - 2 potions of haste {unknown}
 z - a potion of heal wounds {unknown}
 I - a potion of degeneration {unknown}
Books
 u - a book of Cantrips

   Spells                             Type                      Level
   a - Confusing Touch                Hexes                        1
   b - Animate Skeleton               Necromancy                   1
   c - Summon Small Mammal            Summoning                    1
   d - Apportation                    Translocation                1
   Trog disapproves of the use of such an item.
 L - a book of Flames

   Spells                             Type                      Level
   a - Flame Tongue                   Conjuration/Fire             1
   b - Throw Flame                    Conjuration/Fire             2
   c - Conjure Flame                  Conjuration/Fire             3
   d - Inner Flame                    Hexes/Fire                   3
   e - Sticky Flame                   Conjuration/Fire             4
   f - Fireball                       Conjuration/Fire             5
   Trog disapproves of the use of such an item.
 O - a book of Air

   Spells                             Type                      Level
   a - Shock                          Conjuration/Air              1
   b - Swiftness                      Charms/Air                   2
   c - Repel Missiles                 Charms/Air                   2
   d - Static Discharge               Conjuration/Air              3
   e - Lightning Bolt                 Conjuration/Air              5
   Trog disapproves of the use of such an item.
 R - a book of Minor Magic

   Spells                             Type                      Level
   a - Magic Dart                     Conjuration                  1
   b - Blink                          Translocation                2
   c - Call Imp                       Summoning                    2
   d - Repel Missiles                 Charms/Air                   2
   e - Slow                           Hexes                        2
   f - Conjure Flame                  Conjuration/Fire             3
   g - Mephitic Cloud                 Conjuration/Poison/Air       3
   Trog disapproves of the use of such an item.
Comestibles
 k - 2 meat rations
 l - 8 bread rations


   Skills:
 - Level 3.9 Fighting
 + Level 14.5 Axes
 - Level 2.4 Armour
 + Level 13.1 Dodging


You had 10 spell levels left.
You didn't know any spells.

Dungeon Overview and Level Annotations

Branches:
Dungeon (11/15)            Temple (0/1) D:4             Orc (0/2) D:10
   Lair: D:8-11

Altars:
Fedhas
Gozag
Kikubaaqudgha
The Shining One
Beogh

Shops:
D:6 ([(


Innate Abilities, Weirdness & Mutations

You reflexively headbutt those who attack you in melee.
You have a pair of horns on your head.
You are occasionally teleported next to monsters.


Message History

You miss the wolf. x2; You hit something.
Something hits you.
* * * LOW HITPOINT WARNING * * *
The wolf barely misses you. Something barely misses you.
The wolf closely misses you. You furiously retaliate!
You headbutt the wolf. The wolf bites you!
* * * LOW HITPOINT WARNING * * *
A red film seems to cover your vision as you go berserk!
You feel yourself moving faster!
You feel mighty!
You are starving!
Something hits you.
* * * LOW HITPOINT WARNING * * *
The wolf pauses to sniff the ground.
The wolf barely misses you. The wolf bites you.
* * * LOW HITPOINT WARNING * * *
The wolf bites you.
* * * LOW HITPOINT WARNING * * *
Something hits you.
* * * LOW HITPOINT WARNING * * *
The wolf bites you!
You die...

.....###....##..##..#...........#
............##..##..#.......##...
.................................
'####...†...##'######'###########
..[.#.......#.....†..............
....#...###.#..............>....(
#####.......########.............
#..............#####.............
#...........##.#@.##.............
#...#.......##.#hh##########'####
#...#.....[.##.#..'..........####
#..............'..#.####..#..#..#
#..............####.# #..#..#..#
################..'.####.....'..#
..........##......#......#####..#
..........##......########......#
....†.....##....................#


You could see 2 wolves.

Vanquished Creatures
  2 hill giants (D:10)
  A manticore (D:11)
  An ugly thing (D:9)
  Joseph (D:8)
  A centaur zombie (D:10)
  A troll (D:10)
  Prince Ribbit (D:9)
  4 yaks (D:9)
  A spriggan (D:7)
  A wyvern (D:9)
  4 hungry ghosts
  2 water moccasins
  3 orc warriors
  2 black bears (D:9)
  A sky beast (D:10)
  3 ice beasts
  6 necrophages
  3 phantoms
  4 ogres
  A centaur (D:7)
  The ghost of Elitist the Slasher, an amateur HEWr (D:3)
  2 big kobolds
  9 bullfrogs
  Blork the orc (D:6)
  2 scorpions
  A howler monkey (D:8)
  A bullfrog zombie (D:8)
  5 crimson imps
  2 quasits
  5 hounds
  3 jellies
  7 orc priests
  A bullfrog skeleton (D:4)
  7 orc wizards
  3 iguanas
  2 centaur skeletons
  5 worker ants
  2 hound zombies
  A hound skeleton (D:8)
  4 mummies (Ossuary)
  A howler monkey zombie (D:6)
  A worker ant zombie (D:8)
  4 gnolls (D:10)
  12 adders
  4 shadow imps
  3 oozes
  An adder skeleton (D:6)
  4 adder zombies
  2 worms (D:3)
  3 dart slugs
  5 leopard geckos
  38 orcs
  10 bats
  7 giant cockroaches
  5 hobgoblins
  11 jackals
  17 kobolds
  3 quokkas
  2 ball pythons (D:3)
  7 frilled lizards
  A gnoll zombie (Ossuary)
  5 goblins
  3 goblin zombies (Ossuary)
  A jackal zombie (Ossuary)
  2 kobold zombies (Ossuary)
  A leopard gecko skeleton (D:5)
  2 leopard gecko zombies
  An orc zombie (Ossuary)
  8 rats
  A plant (D:6)
272 creatures vanquished.

Vanquished Creatures (others)
  A bush (D:6)
  4 plants (D:6)
5 creatures vanquished.

Grand Total: 277 creatures vanquished

Notes
Turn   | Place    | Note
-------+----------+-------------------------------------------
     0 | D:1      | LORDOFBUTT the Minotaur Berserker began the quest for the Orb.
     0 | D:1      | Reached XP level 1. HP: 19/19 MP: 0/0
   241 | D:1      | Reached XP level 2. HP: 26/27 MP: 1/1
   261 | D:1      | Reached skill level 4 in Axes
   700 | D:2      | Reached XP level 3. HP: 31/33 MP: 2/2
   708 | D:2      | Reached ** piety under Trog
  1218 | D:2      | Reached skill level 5 in Axes
  1218 | D:2      | Reached XP level 4. HP: 34/40 MP: 3/3
  1970 | D:3      | Reached XP level 5. HP: 35/46 MP: 4/4
  2109 | D:3      | Noticed Elitist's ghost (amateur HEWr)
  2122 | D:3      | Killed Elitist's ghost
  2122 | D:3      | Reached skill level 6 in Axes
  2559 | D:4      | Reached *** piety under Trog
  2591 | D:4      | Reached skill level 5 in Dodging
  2591 | D:4      | Reached XP level 6. HP: 21/52 MP: 5/5
  2947 | D:4      | Found a staircase to the Ecumenical Temple.
  3329 | D:4      | Reached skill level 7 in Axes
  3759 | D:5      | Entered Level 5 of the Dungeon
  3986 | D:5      | Reached XP level 7. HP: 58/58 MP: 6/6
  4078 | D:5      | Found an opulent altar of Gozag.
  4165 | D:5      | Found a glowing golden altar of the Shining One.
  4654 | D:6      | Reached skill level 8 in Axes
  4670 | D:6      | Found Erphagg's Weapon Shop.
  4684 | D:6      | Noticed Blork the orc
  4692 | D:6      | Killed Blork the orc
  4994 | D:6      | Found a blossoming altar of Fedhas.
  5004 | D:6      | Reached XP level 8. HP: 54/66 MP: 7/7
  5198 | D:6      | Reached skill level 9 in Axes
  5205 | D:6      | Reached **** piety under Trog
  5341 | D:6      | Found Vaiwogom's Weapon Emporium.
  5407 | D:6      | Found Ibauhof's Antique Armour Shoppe.
  5759 | D:6      | Received a gift from Trog
  5907 | D:7      | Reached skill level 10 in Axes
  6191 | D:7      | Found a sand-covered staircase.
  6470 | Ossuary  | Entered an ossuary
  6476 | Ossuary  | Reached XP level 9. HP: 71/71 MP: 8/8
  6795 | D:6      | Bought a +3 battleaxe of electrocution for 398 gold pieces
  6972 | D:7      | Reached skill level 11 in Axes
  7162 | D:8      | Found a glowing golden altar of the Shining One.
  7162 | D:8      | Found an ancient bone altar of Kikubaaqudgha.
  7185 | D:8      | Reached skill level 10 in Dodging
  7206 | D:8      | Noticed Joseph
  7216 | D:8      | Killed Joseph
  7296 | D:8      | HP: 2/71 [orc warrior/glaive (23)]
  7683 | D:8      | Reached skill level 12 in Axes
  7911 | D:8      | Reached ***** piety under Trog
  8076 | D:9      | Reached XP level 10. HP: 52/78 MP: 9/9
  8478 | D:9      | Noticed a purple ugly thing
  8486 | D:9      | Killed a purple ugly thing
  8486 | D:9      | Reached skill level 13 in Axes
  8490 | D:9      | Gained mutation: You are occasionally teleported next to monsters. [mutagenic meat]
  8842 | D:9      | Noticed Prince Ribbit
  8847 | D:9      | Killed Prince Ribbit
  8920 | D:9      | Received a gift from Trog
  9115 | D:10     | Entered Level 10 of the Dungeon
  9115 | D:10     | Noticed a hill giant
  9119 | D:10     | Killed a hill giant
  9294 | D:10     | Reached skill level 14 in Axes
  9703 | D:10     | Found a staircase to the Orcish Mines.
  9716 | D:10     | Found a roughly hewn altar of Beogh.
  9864 | D:10     | Noticed a hill giant
  9871 | D:10     | Killed a hill giant
  9871 | D:10     | Reached XP level 11. HP: 75/81 MP: 10/10
 10175 | D:11     | Noticed a six-headed hydra
 10181 | D:10     | HP: 4/121 [something (3)]
 10181 | D:10     | Slain by a wolf

Skill      XL: |  1  2  3  4  5  6  7  8  9 10 11 |
---------------+----------------------------------+-----
Axes           | 4 5 6 7 8 10 12 14 | 14.5
Dodging        | 3 4 5 7 9 11 12 13 | 13.1
Fighting       | |  3.9
Armour         | |  2.4

Action                   |  1- 3 |  4- 6 |  7- 9 | 10-12 || total
-------------------------+-------+-------+-------+-------++-------
Melee: Hand axe          |    77 |   153 |   186 |       ||   416
       Headbutt          |    12 |    30 |    65 |    27 ||   134
       Battleaxe         |       |       |   111 |   163 ||   274
Invok: Berserk           |       |     2 |     2 |     2 ||     6
  Use: Scroll            |       |    13 |     3 |     2 ||    18
       Potion            |       |       |     2 |       ||     2
 Stab: Sleeping          |     1 |     2 |     1 |     1 ||     5
  Eat: Bread ration      |       |     2 |     2 |     1 ||     5
       Chunk             |       |     3 |     4 |     6 ||    13
       Beef jerky        |       |       |     3 |       ||     3
Armor: Animal skin       |    17 |    35 |    46 |    35 ||   133
Dodge: Dodged            |    61 |    92 |   187 |   124 ||   464
